PCL
SAN JOSE MISSIONS @ HOUSTON HAMMERTIME
09/23/2027
 
TOP OF THE 1ST
San Jose Missions batting - Pitching for Houston Hammertime : RHP Jun Kawashima
Pitching: RHP Jun Kawashima
Batting: RHB Peyton Pennington 0-0: Called Strike
0-1: Ball
1-1: Ball
2-1: Fly out, F9 (Flyball, 89D)
Batting: RHB Jorge Fuentes 0-0: Ball
1-0: Swinging Strike
1-1: Foul Ball, location: 2F
1-2: Foul Ball, location: 2F
1-2: Strikes out swinging
Batting: RHB Ed Starr 0-0: Called Strike
0-1: Ground out 6-3 (Groundball, 56)
Top of the 1st over - 0 run(s), 0 hit(s), 0 error(s), 0 left on base; San Jose 0 - Houston 0
BOTTOM OF THE 1ST
Houston Hammertime batting - Pitching for San Jose Missions : LHP Octávio Pérez
Pitching: LHP Octávio Pérez
Batting: RHB Carlos Pérez 0-0: Foul Ball, location: 2F
0-1: Ball
1-1: SINGLE (Groundball, 15S) (infield hit)
Batting: RHB Alonso Holguín 0-0: Ball
1-0: Called Strike
1-1: Foul Ball, location: 2F
1-2: Ball
2-2: Strikes out swinging
Batting: RHB Dan Mason 0-0: Ball
1-0: Called Strike
1-1: Swinging Strike
1-2: Strikes out swinging
Batting: LHB Juan Cabañas 0-0: Ball
1-0: Ball
2-0: Ball
3-0: Called Strike
3-1: Foul Ball, location: 2F
3-2: Base on Balls
Carlos Pérez to second
Batting: RHB David Hernández 0-0: Ball
1-0: Ground out 6-3 (Groundball, 6S)
Bottom of the 1st over - 0 run(s), 1 hit(s), 0 error(s), 2 left on base; San Jose 0 - Houston 0
TOP OF THE 2ND
San Jose Missions batting - Pitching for Houston Hammertime : RHP Jun Kawashima
Batting: RHB Raúl Perales 0-0: Ground out 1-3 (Groundball, 15S)
Batting: RHB Irwin Duncan 0-0: Called Strike
0-1: Ball
1-1: Foul Ball, location: 2F
1-2: Ball
2-2: Foul Ball, location: 2F
2-2: Strikes out swinging
Batting: RHB Glenn Johnson 0-0: Foul Ball, location: 2F
0-1: Foul Ball, location: 2F
0-2: Ball
1-2: DOUBLE (Flyball, 7D)
Batting: RHB Culley Douglas 0-0: Ball
1-0: Foul Ball, location: 2F
1-1: Called Strike
1-2: Foul Ball, location: 2F
1-2: Foul Ball, location: 2F
1-2: Ball
2-2: SINGLE (Groundball, 5D)
Glenn Johnson to third
Runner from 3rd tries for Home, SAFE, no throw
Batting: RHB Goro Tanabe 0-0: Called Strike
0-1: Foul Ball, location: 2F
0-2: Foul Ball, location: 2F
0-2: Strikes out swinging
Top of the 2nd over - 1 run(s), 2 hit(s), 0 error(s), 1 left on base; San Jose 1 - Houston 0
BOTTOM OF THE 2ND
Houston Hammertime batting - Pitching for San Jose Missions : LHP Octávio Pérez
Batting: RHB Santo Cruz 0-0: Called Strike
0-1: Foul Ball, location: 2F
0-2: Foul Ball, location: 2F
0-2: Strikes out swinging
Batting: LHB Bartolo Villanueva 0-0: Called Strike
0-1: Ball
1-1: Ground out 6-3 (Groundball, 6)
Batting: RHB Alberto Chávez 0-0: Ball
1-0: SINGLE (Flyball, 8LS)
Batting: LHB Fernando Camacho 0-0: Called Strike
0-1: Ball
Wild Pitch!
Alberto Chávez to second
1-1: Swinging Strike
1-2: Ball
2-2: Ball
3-2: Base on Balls
Batting: RHB Carlos Pérez 0-0: Ball
1-0: Swinging Strike
1-1: Ball
2-1: Fielders Choice at 2nd, 5-4 (Groundball, 56)
Bottom of the 2nd over - 0 run(s), 1 hit(s), 0 error(s), 1 left on base; San Jose 1 - Houston 0
TOP OF THE 3RD
San Jose Missions batting - Pitching for Houston Hammertime : RHP Jun Kawashima
Batting: RHB Salvador Mendoza 0-0: Called Strike
0-1: Ball
1-1: Ground out 6-3 (Groundball, 56)
Batting: RHB Peyton Pennington 0-0: Foul Ball, location: 2F
0-1: Foul Ball, location: 2F
0-2: Strikes out swinging
Batting: RHB Jorge Fuentes 0-0: Ball
1-0: SINGLE (Groundball, 56D)
Batting: RHB Ed Starr 0-0: Called Strike
0-1: Ball
1-1: Ball
2-1: Called Strike
2-2: Foul Ball, location: 2F
2-2: Foul Ball, location: 2F
2-2: Ball
3-2: SINGLE (Groundball, 6MD)
Jorge Fuentes to second
Jorge Fuentes to third
Batting: RHB Raúl Perales 0-0: Foul Ball, location: 2F
0-1: Called Strike
0-2: Foul Ball, location: 2F
0-2: Ball
1-2: Strikes out swinging
Top of the 3rd over - 0 run(s), 2 hit(s), 0 error(s), 2 left on base; San Jose 1 - Houston 0
BOTTOM OF THE 3RD
Houston Hammertime batting - Pitching for San Jose Missions : LHP Octávio Pérez
Batting: RHB Alonso Holguín 0-0: Ball
1-0: Ball
2-0: Called Strike
2-1: Reached on error, E4 (Groundball, 4)
Batting: RHB Dan Mason 0-0: Grounds into double play, 6-4-3 (Groundball, 6)
Batting: LHB Juan Cabañas 0-0: DOUBLE (Groundball, 3L)
Batting: RHB David Hernández 0-0: Swinging Strike
0-1: Ball
1-1: SINGLE (Groundball, 56D)
Juan Cabañas to third
Runner from 3rd tries for Home, SAFE, no throw
Batting: RHB Santo Cruz 0-0: Ball
1-0: Called Strike
1-1: Foul Ball, location: 2F
1-2: Strikes out looking
Bottom of the 3rd over - 1 run(s), 2 hit(s), 1 error(s), 1 left on base; San Jose 1 - Houston 1
TOP OF THE 4TH
San Jose Missions batting - Pitching for Houston Hammertime : RHP Jun Kawashima
Batting: RHB Irwin Duncan 0-0: Ball
1-0: Called Strike
1-1: Foul Ball, location: 2F
1-2: Ball
2-2: Ball
3-2: Strikes out swinging
Batting: RHB Glenn Johnson 0-0: Ball
1-0: Called Strike
1-1: Ground out 6-3 (Groundball, 6)
Batting: RHB Culley Douglas 0-0: Ball
1-0: Ball
2-0: Swinging Strike
2-1: SINGLE (Line Drive, 6D)
Batting: RHB Goro Tanabe 0-0: SINGLE (Line Drive, 6D)
Culley Douglas to second
Batting: RHB Salvador Mendoza 0-0: Ball
1-0: Called Strike
1-1: Ball
2-1: Fly out, F4 (Line Drive, 4)
Top of the 4th over - 0 run(s), 2 hit(s), 0 error(s), 2 left on base; San Jose 1 - Houston 1
BOTTOM OF THE 4TH
Houston Hammertime batting - Pitching for San Jose Missions : LHP Octávio Pérez
Batting: LHB Bartolo Villanueva 0-0: Foul Ball, location: 2F
0-1: Swinging Strike
0-2: Ball
1-2: SINGLE (Groundball, 6MD)
Batting: RHB Alberto Chávez 0-0: Ball
1-0: Called Strike
1-1: Ball
2-1: Foul Ball, location: 2F
2-2: Ball
3-2: Base on Balls
Bartolo Villanueva to second
Batting: LHB Fernando Camacho 0-0: Called Strike
0-1: Ball
1-1: Ball
2-1: Foul Ball, location: 2F
2-2: Strikes out swinging
Batting: RHB Carlos Pérez 0-0: Ball
1-0: Called Strike
1-1: Grounds into double play, 4-6-3 (Groundball, 4)
Bottom of the 4th over - 0 run(s), 1 hit(s), 0 error(s), 1 left on base; San Jose 1 - Houston 1
TOP OF THE 5TH
San Jose Missions batting - Pitching for Houston Hammertime : RHP Jun Kawashima
Batting: RHB Peyton Pennington 0-0: Foul Ball, location: 2F
0-1: Ball
1-1: Foul Ball, location: 2F
1-2: Strikes out swinging
Batting: RHB Jorge Fuentes 0-0: Ball
1-0: Called Strike
1-1: Swinging Strike
1-2: Foul Ball, location: 2F
1-2: Strikes out swinging
Batting: RHB Ed Starr 0-0: Ball
1-0: Called Strike
1-1: Called Strike
1-2: Ground out 4-3 (Groundball, 4M)
Top of the 5th over - 0 run(s), 0 hit(s), 0 error(s), 0 left on base; San Jose 1 - Houston 1
BOTTOM OF THE 5TH
Houston Hammertime batting - Pitching for San Jose Missions : LHP Octávio Pérez
Batting: RHB Alonso Holguín 0-0: Ball
1-0: Foul Ball, location: 2F
1-1: Ball
2-1: Ball
3-1: Base on Balls
Batting: RHB Dan Mason 0-0: Ball
1-0: Called Strike
1-1: Called Strike
1-2: Ball
2-2: Foul Ball, location: 2F
2-2: 2-RUN HOME RUN (Flyball, 9D), Distance : 346 ft
Batting: LHB Juan Cabañas 0-0: Swinging Strike
0-1: Called Strike
0-2: Strikes out swinging
Batting: RHB David Hernández 0-0: Single, Error in OF, E9, batter to second base
Batting: RHB Santo Cruz 0-0: Ball
1-0: SINGLE (Groundball, 6MD)
David Hernández to third
Runner from 3rd tries for Home, SAFE, throw made home
Santo Cruz to second
Batting: LHB Bartolo Villanueva 0-0: Called Strike
0-1: Ball
1-1: Swinging Strike
1-2: Ball
2-2: Ball
3-2: Foul Ball, location: 2F
3-2: Foul Ball, location: 2F
3-2: Strikes out looking
Batting: RHB Alberto Chávez 0-0: Called Strike
0-1: Ball
1-1: Foul Ball, location: 2F
1-2: Foul Ball, location: 2F
1-2: Strikes out swinging
Bottom of the 5th over - 3 run(s), 3 hit(s), 1 error(s), 1 left on base; San Jose 1 - Houston 4
TOP OF THE 6TH
San Jose Missions batting - Pitching for Houston Hammertime : RHP Jun Kawashima
Batting: RHB Raúl Perales 0-0: DOUBLE (Groundball, 5L)
Batting: RHB Irwin Duncan 0-0: Called Strike
0-1: Ball
1-1: Swinging Strike
1-2: Foul Ball, location: 2F
1-2: Strikes out swinging
Batting: RHB Glenn Johnson 0-0: Called Strike
0-1: Fly out, F8 (Flyball, 8LD)
Runner from 2nd tags up, SAFE at 3rd, no throw
Batting: RHB Culley Douglas 0-0: Fly out, F9 (Flyball, 9LS)
Top of the 6th over - 0 run(s), 1 hit(s), 0 error(s), 1 left on base; San Jose 1 - Houston 4
BOTTOM OF THE 6TH
Houston Hammertime batting - Pitching for San Jose Missions : LHP Octávio Pérez
Batting: LHB Fernando Camacho 0-0: Called Strike
0-1: Ball
1-1: Ball
2-1: Fly out, F8 (Flyball, 8LXD)
Batting: RHB Carlos Pérez 0-0: Ball
1-0: Ball
2-0: SINGLE (Line Drive, 7S)
Batting: RHB Alonso Holguín 0-0: Foul Ball, location: 2F
0-1: Ball
1-1: Foul Ball, location: 2F
1-2: Ball
2-2: Foul Ball, location: 2F
2-2: Ball
3-2: SINGLE (Groundball, 4MD)
Carlos Pérez to second
Batting: RHB Dan Mason 0-0: Called Strike
0-1: Foul Ball, location: 2F
0-2: Ball
1-2: Ball
2-2: Foul Ball, location: 2F
2-2: Ball
3-2: Foul Ball, location: 2F
3-2: Fielders Choice at 2nd, 1-4 (Groundball, 15)
Carlos Pérez to third
Pitching: RHP Larry West
Batting: LHB Juan Cabañas 0-0: Ball
1-0: Swinging Strike
1-1: Ball
2-1: Called Strike
2-2: Ball
3-2: Base on Balls
Dan Mason to second
Batting: RHB David Hernández 0-0: Ball
1-0: Ball
2-0: Ball
3-0: Base on Balls
Carlos Pérez scores
Dan Mason to third
Juan Cabañas to second
Batting: RHB Santo Cruz 0-0: Swinging Strike
0-1: GRAND SLAM HOME RUN (Flyball, 7D), Distance : 371 ft
Batting: LHB Bartolo Villanueva 0-0: Ball
1-0: Called Strike
1-1: Ball
2-1: Swinging Strike
2-2: Ball
3-2: Base on Balls
Batting: RHB Alberto Chávez 0-0: Ball
1-0: Swinging Strike
1-1: Fly out, F8 (Flyball, 8LD)
Bottom of the 6th over - 5 run(s), 3 hit(s), 0 error(s), 1 left on base; San Jose 1 - Houston 9
TOP OF THE 7TH
San Jose Missions batting - Pitching for Houston Hammertime : RHP Jun Kawashima
Batting: RHB Goro Tanabe 0-0: SINGLE (Groundball, 6MD)
Batting: RHB Salvador Mendoza 0-0: Called Strike
0-1: Ball
1-1: Called Strike
1-2: Strikes out looking
Batting: RHB Peyton Pennington 0-0: Ball
1-0: Called Strike
1-1: Swinging Strike
1-2: Ball
2-2: Ball
3-2: Foul Ball, location: 2F
3-2: Foul Ball, location: 2F
3-2: Base on Balls
Goro Tanabe to second
Pitching: LHP Dan Snyder
Batting: RHB Jorge Fuentes 0-0: Foul Ball, location: 2F
0-1: Ball
1-1: Ball
2-1: Called Strike
2-2: Fly out, F8 (Flyball, 8RD)
Batting: RHB Ed Starr 0-0: Foul Ball, location: 2F
0-1: Ball
1-1: Ball
2-1: Ball
3-1: Called Strike
3-2: Base on Balls
Goro Tanabe to third
Peyton Pennington to second
Batting: RHB Raúl Perales 0-0: Swinging Strike
0-1: Fly out, F6 (Popup, 6MS)
Top of the 7th over - 0 run(s), 1 hit(s), 0 error(s), 3 left on base; San Jose 1 - Houston 9
BOTTOM OF THE 7TH
Houston Hammertime batting - Pitching for San Jose Missions : RHP Larry West
Batting: LHB Fernando Camacho 0-0: Ball
1-0: Ball
2-0: Ball
3-0: Called Strike
3-1: Base on Balls
Pitching: LHP Mario Galván
Batting: RHB Carlos Pérez 0-0: Swinging Strike
0-1: Fly out, F8 (Flyball, 8RS)
Batting: RHB Alonso Holguín 0-0: Ball
1-0: Foul Ball, location: 2F
1-1: SINGLE (Line Drive, 7LS)
Fernando Camacho to second
Pitching: RHP Tommy Waters
Batting: RHB Dan Mason 0-0: Foul Ball, location: 2F
0-1: Swinging Strike
0-2: Ball
1-2: Grounds into double play, 5-4-3 (Groundball, 5)
Bottom of the 7th over - 0 run(s), 1 hit(s), 0 error(s), 1 left on base; San Jose 1 - Houston 9
TOP OF THE 8TH
San Jose Missions batting - Pitching for Houston Hammertime : LHP Dan Snyder
Now at 3B: Richard Bowman
Batting: RHB Irwin Duncan 0-0: Ball
1-0: Fly out, F8 (Flyball, 8LS)
Batting: RHB Glenn Johnson 0-0: Ball
1-0: Swinging Strike
1-1: Ball
2-1: SINGLE (Flyball, 7S)
Batting: RHB Culley Douglas 0-0: Ball
1-0: Foul Ball, location: 2F
1-1: Ball
2-1: Foul Ball, location: 2F
2-2: Foul Ball, location: 2F
2-2: Foul Ball, location: 2F
2-2: Ball
3-2: Strikes out swinging
Glenn Johnson is caught stealing 2nd base
Batter strikes out.
Top of the 8th over - 0 run(s), 1 hit(s), 0 error(s), 0 left on base; San Jose 1 - Houston 9
BOTTOM OF THE 8TH
Houston Hammertime batting - Pitching for San Jose Missions : RHP Tommy Waters
Batting: LHB Juan Cabañas 0-0: Foul Ball, location: 2F
0-1: Ball
1-1: Called Strike
1-2: Ball
2-2: Foul Ball, location: 2F
2-2: SINGLE (Flyball, 78S)
Batting: RHB David Hernández
Pinch Hitting: RHB Don Hooper 0-0: Ball
1-0: Foul Ball, location: 2F
1-1: SINGLE (Flyball, 78S)
Juan Cabañas to second
Batting: RHB Santo Cruz 0-0: Called Strike
0-1: Ball
1-1: Ball
2-1: Foul Ball, location: 2F
2-2: Ball
3-2: Foul Ball, location: 2F
3-2: Base on Balls
Juan Cabañas to third
Don Hooper to second
Batting: LHB Bartolo Villanueva 0-0: SINGLE (Groundball, 5D)
Juan Cabañas scores
Don Hooper to third
Santo Cruz to second
Batting: RHB Alberto Chávez 0-0: Foul Ball, location: 2F
0-1: Foul Ball, location: 2F
0-2: Fly out, F8 (Flyball, 8LM)
Runner from 3rd tags up, SCORES, no throw
Batting: LHB Fernando Camacho 0-0: Foul Ball, location: 2F
0-1: SINGLE (Groundball, 6MD)
Santo Cruz to third
Bartolo Villanueva to second
Runner from 3rd tries for Home, throw and OUT!
Pinch Hitting: LHB Enrique Valentín 0-0: Ball
1-0: Ball
2-0: Ball
3-0: Called Strike
3-1: Base on Balls
Bartolo Villanueva to third
Fernando Camacho to second
Pinch Hitting: RHB José García 0-0: Called Strike
0-1: Ball
1-1: TRIPLE (Line Drive, 89M)
Bartolo Villanueva scores
Fernando Camacho scores
Enrique Valentín scores
Batting: RHB Dan Mason 0-0: Ball
1-0: Foul Ball, location: 2F
1-1: Ball
2-1: Ball
3-1: Base on Balls
Batting: LHB Juan Cabañas 0-0: Ball
1-0: Called Strike
Dan Mason steals 2nd base
1-1: Ball
2-1: SINGLE (Groundball, 4D)
José García scores
Dan Mason to third
Runner from 3rd tries for Home, SAFE, no throw
Batting: RHB Don Hooper 0-0: Ball
1-0: Ball
Wild Pitch!
Juan Cabañas to second
2-0: Ball
3-0: Base on Balls
Batting: RHB Santo Cruz 0-0: Ball
1-0: Ball
2-0: SINGLE (Groundball, 4MD)
Juan Cabañas to third
Don Hooper to second
Runner from 3rd tries for Home, SAFE, throw made at trailing runner, SAFE at third!
Pinch Hitting: RHB Pedro Meza 0-0: Ball
1-0: Called Strike
1-1: Ground out U3 (Groundball, 34)
Bottom of the 8th over - 8 run(s), 7 hit(s), 0 error(s), 2 left on base; San Jose 1 - Houston 17
TOP OF THE 9TH
San Jose Missions batting - Pitching for Houston Hammertime : LHP Dan Snyder
Now at 3B: José García
Now at SS: Don Hooper
Now in LF: Enrique Valentín
Now in RF: Pat Jones
Batting: RHB Goro Tanabe 0-0: Called Strike
0-1: Ball
1-1: Ball
2-1: Foul Ball, location: 2F
2-2: Ground out 5-3 (Groundball, 56S)
Batting: RHB Salvador Mendoza 0-0: Ball
1-0: Ball
2-0: Foul Ball, location: 2F
2-1: Fly out, F8 (Flyball, 8RS)
Pinch Hitting: RHB Cal Keys 0-0: Called Strike
0-1: Ball
1-1: Ground out 1-3 (Groundball, 15S)
Top of the 9th over - 0 run(s), 0 hit(s), 0 error(s), 0 left on base; San Jose 1 - Houston 17
Thursday, March 30th, 2017 - OOTP Baseball 17.12 Build 75